 Dungeon Crawl Stone Soup version 0.27.1-33-g824d729ab1 (webtiles) character file.

Game seed: 3543680245478340923

623 Findor the Firebug (level 7, 0/64 HPs)
             Began as an Octopode Fire Elementalist on Dec 1, 2021.
             Slain by Duvessa (4 damage)
             ... on level 4 of the Dungeon.
             The game lasted 00:13:58 (4485 turns).

Findor the Firebug (Octopode Fire Elementalist)     Turns: 4485, Time: 00:13:59

Health: 0/64       AC: 26    Str:  7    XL:     7   Next: 46%
Magic:  4/12       EV:  2    Int: 26    God:
Gold:   240        SH:  0    Dex: 12    Spells: 0/13 levels left

rFire    + . .     SeeInvis .   a - +8 lance "Wyrmbane" {slay drac, rPois rF+ rC+ AC+3}
rCold    + . .     Faith    .   (no shield)
rNeg     + + +     Spirit   .   (helmet currently unavailable)
rPois    +         Reflect  .   (no amulet)
rElec    .         Harm     .   g - +4 ring of evasion
rCorr    .         Rampage  .   m - ring of positive energy
Will     .....     NoTele   +   j - ring of flight
Stlth    +.........             r - +6 ring of intelligence
HPRegen  0.20/turn              (no ring)
MPRegen  0.13/turn              (no ring)
                                (no ring)
                                (no ring)

@: lit by a corona, tree-form (expiring), glowing
A: stationary, stasis, torment immunity, boosted hp, almost no armour,
(amphibious), 8 rings, (camouflage 1), (gelatinous body 1), (nimble swimmer 1),
(tentacles)
a: no special abilities


You were on level 4 of the Dungeon.
You were a tree.
You visited 1 branch of the dungeon, and saw 4 of its levels.

You collected 240 gold pieces.


Innate Abilities, Weirdness & Mutations

You are a tree.
Your roots penetrate the ground, keeping you stationary.
You cannot be teleported.
You are immune to unholy pain and torment.
Your maximum health is greatly increased.
You cannot wear most types of armour.
((You are amphibious.))
You can wear up to eight rings at the same time.
((Your skin changes colour to match your surroundings (Stealth+).))
((Your rubbery body absorbs attacks. (AC +1, EV +1)))
((You are camouflaged near water. (Stealth+)))
((You have tentacles for arms and can constrict up to eight enemies at once.))


   Skills:
 + Level 1.1 Fighting
 + Level 1.1 Polearms
 - Level 2.0 Dodging
 - Level 2.6 Stealth
 + Level 3.8 Spellcasting
 + Level 3.7 Conjurations
 * Level 6.2 Fire Magic


You couldn't memorise any spells.
You knew the following spells:

 Your Spells              Type           Power      Damage    Failure   Level
a - Foxfire               Conj/Fire      100%       2x1d9     1%          1
d - Conjure Flame         Conj/Fire      30%        6-21      3%          3
q - Sticky Flame          Conj/Fire      30%        2d5       11%         4
x - Fireball              Conj/Fire      15%        3d8       30%         5

Your spell library contained the following spells:

 Spells                   Type           Power      Damage    Failure   Level
 Inner Flame              Hex/Fire       21%        N/A       8%          3
 Call Canine Familiar     Summ           5%         N/A       26%         3
 Portal Projectile        Hex/Tloc       10%        N/A       26%         3
 Bolt of Magma            Conj/Fire/Erth 11%        4d7       52%         5
 Leda's Liquefaction      Hex/Erth       2%         N/A       65%         4
 Statue Form              Tmut/Erth      3%         N/A       100%        6

Inventory:

Hand Weapons
 a - the +8 lance "Wyrmbane" (weapon) {slay drac, rPois rF+ rC+ AC+3}
   (You found it on level 4 of the Dungeon)

   It inflicts extra damage against dragons and draconians.
   AC:        It affects your AC (+3).
   rF:        It protects you from fire.
   rC:        It protects you from cold.
   rPois:     It protects you from poison.
 b - a +1 hunting sling of freezing
   (You found it on level 2 of the Dungeon)
 d - a +0 whip of flaming
   (You found it on level 2 of the Dungeon)
Missiles
 k - 91 stones
 s - 36 sling bullets
Jewellery
 g - a +4 ring of evasion (left branch)
   (You found it on level 1 of the Dungeon)
 j - a ring of flight (on tentacle)
   (You found it on level 1 of the Dungeon)
 m - a ring of positive energy (right branch)
   (You found it on level 2 of the Dungeon)
 r - a +6 ring of intelligence (on tentacle)
   (You found it on level 4 of the Dungeon)
Wands
 h - a wand of polymorph (7)
   (You took it off Ijyb on level 3 of the Dungeon)
 u - a wand of paralysis (11)
   (You found it on level 4 of the Dungeon)
Scrolls
 f - a scroll of amnesia
 l - a scroll of enchant armour {unknown}
 t - a scroll of magic mapping {unknown}
 v - a scroll of noise {unknown}
 w - a scroll of acquirement {unknown}
Potions
 c - a potion of might
 e - 2 potions of lignification {!q}
 i - a potion of attraction {unknown}
 n - 2 potions of brilliance
 o - 4 potions of curing {@q1}
 p - a potion of cancellation {unknown}
 q - a potion of mutation {unknown}


Message History

Casting: Foxfire (safe; 1% risk of failure)
You conjure some foxfire!
Dowan misses you. Duvessa completely misses you.
The foxfire hits Duvessa but does no damage.
The foxfire hits Dowan.
You kill Dowan!
Duvessa weeps, then rights herself and shakes her weapon.
Duvessa goes berserk!
Duvessa hits you with a +0 rapier!
Your Fighting skill increases to level 1!
Your Polearms skill increases to level 1!
Unknown command.
Really quaff
e - 3 potions of lignification {!q}?
Really quaff the potion of lignification?
You turn into a tree.
Your roots penetrate the ground.
Duvessa hits you but does no damage. Duvessa hits you with a +0 rapier.
Casting: Foxfire (safe; 1% risk of failure)
You conjure some foxfire!
Duvessa hits you but does no damage.
The foxfire hits Duvessa but does no damage.
Duvessa hits you with a +0 rapier!
* * * LOW HITPOINT WARNING * * *
The foxfire hits Duvessa but does no damage.
Duvessa hits you but does no damage.
Casting: Foxfire (safe; 1% risk of failure)
You conjure some foxfire!
Duvessa hits you with a +0 rapier.
* * * LOW HITPOINT WARNING * * *
The foxfire hits Duvessa but does no damage.
Duvessa hits you but does no damage.
The foxfire hits Duvessa.
Duvessa hits you but does no damage.
Casting: Foxfire (safe; 1% risk of failure)
You conjure some foxfire!
Duvessa hits you with a +0 rapier.
* * * LOW HITPOINT WARNING * * *
The foxfire hits Duvessa.
Duvessa hits you but does no damage.
The foxfire hits Duvessa but does no damage.
Duvessa barely misses you.
Casting: Foxfire (safe; 1% risk of failure)
You conjure some foxfire!
Duvessa barely misses you.
The foxfire hits Duvessa. x2; Duvessa hits you but does no damage. x2
Casting: Foxfire (safe; 1% risk of failure)
You conjure some foxfire!
Duvessa hits you but does no damage.
Your transformation is almost over.
The foxfire hits Duvessa!
The foxfire hits Duvessa but does no damage.
Duvessa hits you but does no damage. Duvessa hits you with a +0 rapier.
* * * LOW HITPOINT WARNING * * *
Unknown command.
Casting: Foxfire (safe; 1% risk of failure)
You conjure some foxfire!
Duvessa hits you with a +0 rapier!
* * * LOW HITPOINT WARNING * * *
The foxfire hits Duvessa but does no damage. x2
Duvessa hits you with a +0 rapier.
You die...

.......##...#.......#
#...(.#
.......##...#########
#.....# .......#....#...
####### .......#....#...
.......#....#...
.......#.<†.#... #######
.......#....#... #.....#
.......#....###e####.....#
.......##...#...♣........#
'########...#...§§.......#
............#............#
...>........#..........).#
............+............#
...##..######.......(....#
...###'###...).###########
.........#.....#
.........#.....#


You could see Duvessa (berserk).

Vanquished Creatures
  Grinder (D:3)
  Dowan (D:4)
  2 orc priests (D:4)
  A hound (D:4)
  Ijyb (D:3)
  Jessica (D:2)
  Natasha (thrice) (D:3)
  3 gnolls (D:4)
  5 adders
  7 dart slugs
  4 orcs
  An endoplasm (D:1)
  6 giant cockroaches
  7 goblins
  3 hobgoblins (D:2)
  4 kobolds
  4 quokkas
  9 ball pythons
  A bat (D:2)
  6 frilled lizards
  14 rats
84 creatures vanquished.

Vanquished Creatures (others)
  256 foxfires
256 creatures vanquished.

Grand Total: 340 creatures vanquished

Notes
Turn   | Place    | Note
-------+----------+-------------------------------------------
     0 | D:1      | Findor the Octopode Fire Elementalist began the quest for
                  | the Orb.
     0 | D:1      | Reached XP level 1. HP: 11/11 MP: 3/3
   237 | D:1      | HP: 1/11 [kobold (4)]
   242 | D:1      | Reached XP level 2. HP: 17/17 MP: 5/5
   748 | D:1      | Reached XP level 3. HP: 21/21 MP: 1/6
   827 | D:1      | Learned a level 3 spell: Conjure Flame
  1229 | D:2      | Noticed Jessica
  1235 | D:2      | Killed Jessica
  1236 | D:2      | Reached skill level 4 in Fire Magic
  1236 | D:2      | Reached XP level 4. HP: 27/27 MP: 4/7
  1269 | D:2      | Learned a level 4 spell: Sticky Flame
  1433 | D:2      | Noticed Sigmund
  1681 | D:2      | Found a faded altar of an unknown god.
  2360 | D:3      | Found a shadowy altar of Dithmenos.
  2368 | D:3      | Noticed Natasha
  2376 | D:3      | Killed Natasha
  2377 | D:3      | Reached XP level 5. HP: 31/31 MP: 4/9
  2418 | D:3      | Noticed Grinder
  2432 | D:3      | Paralysed by Grinder for 4 turns
  2438 | D:3      | HP: 5/31 [Grinder (6)]
  2446 | D:3      | Paralysed by Grinder for 4 turns
  2459 | D:3      | Killed Grinder
  2460 | D:3      | Reached skill level 3 in Spellcasting
  2460 | D:3      | Reached skill level 3 in Conjurations
  2460 | D:3      | Reached skill level 5 in Fire Magic
  2460 | D:3      | Reached XP level 6. HP: 27/36 MP: 5/11
  2730 | D:3      | Noticed Natasha
  2734 | D:3      | Killed Natasha
  2807 | D:3      | Noticed Ijyb
  2824 | D:3      | Killed Ijyb
  3137 | D:3      | Noticed Natasha
  3142 | D:3      | Killed Natasha
  3670 | D:4      | Reached XP level 7. HP: 41/41 MP: 9/12
  3741 | D:4      | Found the +8 lance "Wyrmbane" {slay drac, rPois rF+ rC+
                  | AC+3}
  3757 | D:4      | Learned a level 5 spell: Fireball
  3875 | D:4      | Reached skill level 6 in Fire Magic
  4328 | D:4      | Found a white marble altar of Elyvilon.
  4464 | D:4      | Noticed Dowan
  4464 | D:4      | Noticed Duvessa
  4472 | D:4      | Killed Dowan
  4473 | D:4      | Reached skill level 1 in Fighting
  4473 | D:4      | Reached skill level 1 in Polearms
  4484 | D:4      | HP: 3/64 [Duvessa (16)]
  4485 | D:4      | Slain by Duvessa

Levels and vault maps discovered:
D:1:      lightli_arrival_quake, layout_loops_ring, minmay_rat_gold_closets
D:2:      layout_loops_ring, basic_ecumenical_altar, minmay_misc_feat_hallway,
          minmay_tetromino_o2, uniq_jessica, uniq_sigmund
D:3:      layout_rooms, grunt_dithmenos_smoke, uniq_natasha, uniq_ijyb,
          uniq_grinder
D:4:      layout_gridville, mainiacjoe_overflow_surrounded_room, uniq_duvessa

Action                   |  1- 3 |  4- 6 |  7- 9 || total
-------------------------+-------+-------+-------++-------
Melee: Unarmed           |     7 |       |       ||     7
       Tentacles         |     1 |       |       ||     1
       Dagger            |     7 |       |       ||     7
       Constrict         |     2 |       |       ||     2
       Whip              |       |     1 |       ||     1
 Fire: Hunting sling     |     1 |    11 |       ||    12
 Cast: Foxfire           |    35 |    73 |    38 ||   146
  Use: Potion            |     1 |     3 |     1 ||     5
       Scroll            |       |     4 |     2 ||     6
 Stab: Sleeping          |     3 |       |       ||     3
Armor: Skin              |     2 |     2 |    11 ||    15
Dodge: Dodged            |    11 |    12 |    17 ||    40
